AoeStats
← Generation Kill

MegaRandom

508453633Analyzed
4v4 RM · 11d ago on Sep 22, 2026· 48m 12s· 8 players
Game mode
Random Map
Map size
Large (8 player)
Population
200
Speed
Normal
Resources
Standard
Victory
Conquest
Starting age
Dark Age
Ending age
Imperial Age
RankedLock teamsTeams togetherTeam positionsShared explorationLock speedFull tech treeHidden civsTurbo modeCheats
Victory
Defeat
🇹🇼 Britons · Taiwan
1224
+14
🇹🇼 Magyars · Taiwan
1217
+14
🇨🇳 Wei · China
1207
+14
🇮🇳 Vietnamese · India
1130
+17
🇨🇳 Mongols · China
1200
-16
🇸🇪 Franks · Sweden
1175
-15
🇯🇵 Persians · Japan
1172
-15
🇹🇷 Japanese · Türkiye
1121
-13
Generation Kill
7:00 Loom
9:23 Feudal Age
9:59 Double-Bit Axe
13:25 Wheelbarrow
15:44 Town Watch
20:38 Castle Age
20:07 Gold Mining
21:33 Bow Saw
21:44 Stone Mining
23:43 Gold Shaft Mining
27:10 Hand Cart
27:07 Fletching
32:14 Scale Barding Armor
36:13 Imperial Age
34:00 Husbandry
35:41 Chain Barding Armor
35:51 Bodkin Arrow
36:42 Forging
37:38 Plate Barding Armor
36:41 Cavalier
37:49 Conscription
38:24 Iron Casting
38:12 Paladin
41:40 Blast Furnace
Zortopos
7:14 Loom
9:40 Feudal Age
10:07 Double-Bit Axe
16:49 Castle Age
19:47 Horse Collar
19:43 Pikeman
20:37 Forging
20:27 Scale Mail Armor
21:08 Squires
22:03 Bow Saw
22:15 Town Watch
24:38 Gold Mining
26:37 Wheelbarrow
26:27 Gambesons
26:27 Arson
27:18 Treadmill Crane
27:49 Masonry
28:20 Iron Casting
29:28 Chain Mail Armor
29:59 Fletching
Fkhlst
10:19 Feudal Age
12:30 Loom
17:46 Castle Age
19:09 Wheelbarrow
23:01 Double-Bit Axe
23:29 Town Watch
27:23 Bow Saw
27:48 Town Watch
28:45 Town Patrol
35:26 Imperial Age
34:06 Bloodlines
34:13 Forging
36:03 Husbandry
35:29 Cavalier
37:05 Iron Casting
37:08 Scale Barding Armor
38:06 Conscription
38:38 Ballistics
38:15 Murder Holes
38:45 Gold Mining
39:54 Chain Barding Armor
41:27 Blast Furnace
41:24 Hand Cart
42:49 Light Cavalry
44:29 Plate Barding Armor
hawki2518
11:30 Feudal Age
12:22 Double-Bit Axe
12:25 Loom
16:30 Castle Age
14:51 Horse Collar
27:51 Stone Mining
28:13 Bow Saw
28:06 Heavy Plow
28:19 Gold Mining
28:54 Ballistics
30:00 Gold Shaft Mining
30:03 Stone Shaft Mining
29:47 Fletching
33:45 Imperial Age
31:53 Wheelbarrow
32:09 Bloodlines
31:59 Husbandry
32:22 Bodkin Arrow
32:27 Padded Archer Armor
34:02 Hand Cart
33:33 Town Watch
35:29 Conscription
35:12 Bracer
36:44 Chemistry
36:06 Leather Archer Armor
37:54 Elite Mangudai
45:39 Coinage
45:50 Light Cavalry
46:42 Forging
46:38 Scale Barding Armor
46:40 Hussar
48:00 Iron Casting
48:00 Banking
findingmontoo7
6:41 Loom
9:15 Feudal Age
10:03 Double-Bit Axe
11:09 Horse Collar
14:29 Scale Barding Armor
15:45 Wheelbarrow
20:21 Castle Age
20:59 Bloodlines
20:45 Gold Mining
21:27 Light Cavalry
22:31 Town Watch
23:06 Husbandry
24:12 Bow Saw
26:10 Chain Barding Armor
26:21 Forging
27:26 Stone Mining
27:45 Heavy Plow
28:13 Hand Cart
29:48 Iron Casting
35:47 Imperial Age
35:22 Ballistics
34:56 Fletching
36:16 Chatras
37:08 Plate Barding Armor
40:44 Bodkin Arrow
40:43 Elite Battle Elephant
42:32 Hoardings
42:53 Bracer
43:12 Padded Archer Armor
44:18 Chemistry
43:22 Elite Rattan Archer
44:30 Leather Archer Armor
48:38 Ring Archer Armor
Veritas of the Dark
6:48 Loom
9:19 Feudal Age
10:24 Double-Bit Axe
13:21 Fletching
15:07 Padded Archer Armor
21:06 Castle Age
19:54 Gold Mining
21:09 Crossbowman
21:53 Bodkin Arrow
23:47 Wheelbarrow
24:47 Ballistics
25:57 Leather Archer Armor
26:54 Town Watch
28:48 Bow Saw
29:00 Squires
29:27 Horse Collar
30:40 Heavy Plow
36:09 Imperial Age
36:12 Arbalester
37:37 Yeomen
38:04 Bracer
39:55 Chemistry
40:09 Hand Cart
41:14 Conscription
40:55 Warwolf
42:37 Ring Archer Armor
44:15 Two-Man Saw
45:17 Pikeman
45:43 Arson
46:11 Forging
46:02 Scale Mail Armor
45:55 Halberdier
46:21 Gambesons
48:44 Chain Mail Armor
49:05 Iron Casting
penguin952730
9:04 Loom
11:34 Feudal Age
13:18 Horse Collar
13:24 Double-Bit Axe
18:13 Castle Age
18:26 Stone Mining
19:31 Bow Saw
20:12 Heavy Plow
23:57 Gold Mining
24:41 Bloodlines
27:14 Husbandry
28:59 Gold Shaft Mining
30:33 Wheelbarrow
30:09 Scale Barding Armor
32:02 Chain Barding Armor
45:22 Imperial Age
43:01 Fletching
43:27 Heated Shot
44:00 Ballistics
43:50 Bodkin Arrow
44:34 Padded Archer Armor
44:47 Thumb Ring
46:25 Conscription
46:45 Parthian Tactics
46:22 Bracer
47:35 Chemistry
46:54 Recurve Bow
mx
9:50 Feudal Age
11:08 Wheelbarrow
10:16 Horse Collar
10:22 Double-Bit Axe
16:21 Castle Age
14:48 Gold Mining
17:05 Scale Barding Armor
17:42 Bow Saw
19:45 Heavy Plow
21:48 Stone Mining
22:40 Gold Shaft Mining
22:02 Stone Mining
23:16 Fletching
25:59 Bodkin Arrow
26:54 Hand Cart
26:29 Loom
31:11 Imperial Age
28:23 Treadmill Crane
29:59 Padded Archer Armor
31:15 Leather Archer Armor
31:03 Tuntian
31:26 Ballistics
31:51 Husbandry
32:01 Bloodlines
31:56 Bracer
32:59 Chemistry
33:12 Thumb Ring
33:33 Parthian Tactics
34:21 Ring Archer Armor
34:16 Conscription
34:51 Heavy Hei Guang Cavalry
35:49 Forging
35:31 Town Watch
38:01 Iron Casting
37:32 Scale Barding Armor
38:47 Stone Shaft Mining
38:48 Crop Rotation
39:22 Capped Ram
40:34 Town Patrol
41:58 Ming Guang Armor
41:08 Siege Ram
43:24 Blast Furnace
42:46 Chain Barding Armor
Connection lost

Rejoining the realm…

Still unreachable

The connection could not be restored.

Session expired

The server has moved on; the page needs a fresh start.